 Dungeon Crawl Stone Soup version 0.31-a0-472-g43a2ca8e1b (console) character file.

Game seed: 17112685487016211301

84 Lexodia the Firebug (level 4, -6/24 HPs)
             Began as a Tengu Fire Elementalist on Aug 5, 2023.
             Mangled by an orc warrior
             ... wielding a +0 mace
              (8 damage)
             ... on level 4 of the Dungeon on Aug 6, 2023.
             The game lasted 00:05:08 (1269 turns).

Lexodia the Firebug (Tengu Fire Elementalist)       Turns: 1269, Time: 00:05:08

Health: -6/24      AC:  2    Str:  9    XL:     4   Next: 45%
Magic:  3/8        EV: 13    Int: 17    God:
Gold:   117        SH:  0    Dex: 14    Spells: 2/8 levels left

rFire   . . .        d - +0 short sword
rCold   . . .        (no shield)
rNeg    + . .        a - +0 robe
rPois   .            (helmet restricted)
rElec   .            (no cloak)
rCorr   .            (no gloves)
SInv    .            (boots unavailable)
Will    .....        (no amulet)
Stlth   ++           c - ring of positive energy
HPRegen 0.24/turn    (no ring)
MPRegen 0.11/turn

%: no passive effects
@: no status effects
A: beak, talons 3
a: no special abilities


You were on level 4 of the Dungeon.
You visited 1 branch of the dungeon, and saw 4 of its levels.

You collected 117 gold pieces.

Inventory:

Hand Weapons
 d - a +0 short sword (weapon)
Missiles
 f - a throwing net
Armour
 a - a +0 robe (worn)
Jewellery
 c - a ring of positive energy (left hand)
Wands
 i - a wand of iceblast (5)
Scrolls
 e - a scroll of blinking {unknown}
 g - 2 scrolls of identify {unknown}
 h - a scroll of fear {unknown}
Potions
 b - a potion of magic


   Skills:
 + Level 2.9 Dodging
 + Level 2.7 Stealth
 + Level 2.5 Spellcasting
 * Level 2.8 Conjurations
 + Level 0.4 Translocations
 + Level 3.8 Fire Magic


You had 2 spell levels left.
You knew the following spells:

 Your Spells              Type           Power      Damage    Failure   Level
a - Foxfire               Conj/Fire      52%        2x1d6     4%          1
b - Scorch                Fire           30%        2d6       6%          2
c - Volatile Blastmotes   Fire/Tloc      18%        2d11      24%         3

Your spell library contained the following spells:

 Spells                   Type           Power      Damage    Failure   Level
 Blink                    Tloc           6%         N/A       24%         2
 Inner Flame              Hex/Fire       8%         N/A       26%         3
 Flame Wave               Conj/Fire      13%        2d6       43%         4
 Manifold Assault         Tloc           3%         N/A       83%         4


Dungeon Overview and Level Annotations

Branches:
Dungeon (3/15)

Altars:


Innate Abilities, Weirdness & Mutations

You have a beak for a mouth.
You have claws for feet.


Message History

The orc misses you.
You conjure some foxfire!
The foxfire hits the orc warrior.
The orc warrior is moderately wounded.
The foxfire hits the orc warrior but does no damage.
The orc warrior is moderately wounded.
The foxfire hits the orc warrior but does no damage.
The orc warrior is moderately wounded.
The orc hits you from afar with a +0 trident.
Damage: -16%(-4hp) hp: 84%(20hp) Unknown command.
Your foxfire dissipates!
The orc attacks as you move away! The orc hits you with a +0 club.
The foxfire hits the orc warrior but does no damage.
The orc warrior is moderately wounded.
Damage: -13%(-3hp) hp: 71%(17hp)
Okay, then.
The orc warrior attacks as you move away!
The orc warrior hits you with a +0 mace.
The orc attacks as you move away! The orc misses you.
The orc priest casts a cantrip, but nothing happens.
Huge Dmg: -25%(-6hp) hp: 50%(12hp)
The orc warrior attacks as you move away!
The orc warrior barely misses you. The orc attacks as you move away!
The orc hits you with a +0 club.
Huge Dmg: -16%(-4hp) hp: 34%(8hp)
The orc attacks as you move away! The orc misses you.
The orc attacks as you move away! The orc hits you with a +0 club.
* * * LOW HITPOINT WARNING * * *
Huge Dmg: -21%(-5hp) hp: 17%(4hp)
The orc attacks as you move away! The orc closely misses you.
The orc priest looks encouraged for a moment.
Aiming: Iceblast
Press: ? - help, Shift-Dir - straight line
Okay, then.
The orc attacks as you move away! The orc hits you with a +0 club.
* * * LOW HITPOINT WARNING * * *
Huge Dmg: -8%(-2hp) hp: 9%(2hp)
The orc warrior attacks as you move away!
The orc warrior hits you with a +0 mace!
You die...

#.................
+.................
#.................
#.................
########+#............
##########...##...#............
#........o........#######......
#..........o.o..........#......
#..)########.o@.........#......
#..# ##...........#...... #..
#...........#...... #.
#########...#...... #.
#...#...... # #...#......
#...#...>.. #...#......
...###'#......


You could see an orc warrior, an orc priest and 2 orcs.

Vanquished Creatures
  A hound (D:2)
  An adder (D:2)
  A worm (D:2)
  3 dart slugs
  An orc (D:4)
  A bat (D:1)
  4 endoplasms (D:1)
  4 goblins
  5 hobgoblins
  2 jackals (D:1)
  4 kobolds
  A quokka (D:2)
  3 ball pythons
  A rat (D:1)
32 creatures vanquished.

Vanquished Creatures (others)
  109 foxfires
109 creatures vanquished.

Grand Total: 141 creatures vanquished

Notes
Turn   | Place    | Note
-------+----------+-------------------------------------------
     0 | D:1      | Lexodia the Tengu Fire Elementalist began the quest for the
                  | Orb.
     0 | D:1      | Reached XP level 1. HP: 10/10 MP: 4/4
    31 | D:1      | Upgraded the game from 0.31-a0-466-g98c9adc2b6 to
                  | 0.31-a0-472-g43a2ca8e1b
   103 | D:1      | Reached XP level 2. HP: 15/15 MP: 0/6
   106 | D:1      | Learned a level 2 spell: Scorch
   437 | D:1      | Huge Dmg: 4 dmg
   441 | D:1      | Reached XP level 3. HP: 10/19 MP: 1/7
   618 | D:2      | Learned a level 3 spell: Volatile Blastmotes
   774 | D:2      | Reached XP level 4. HP: 17/24 MP: 1/8
  1193 | D:3      | You fall into a shaft and drop 1 floor!
  1252 | D:4      | Noticed an orc warrior
  1262 | D:4      | Huge Dmg: 6 dmg
  1264 | D:4      | Huge Dmg: 4 dmg
  1266 | D:4      | Huge Dmg: 5 dmg
  1268 | D:4      | HP: 1/24 [orc/+0 club (3)]
  1269 | D:4      | Huge Dmg: 2 dmg
  1269 | D:4      | Mangled by an orc warrior

Illustrated notes

Levels and vault maps discovered:
D:1:      dpeg_arrival_short_road, layout_rooms
D:2:      layout_rooms, minmay_misc_feat_cross
D:3:      layout_basic, ebering_ghost_sewer_d, serial_shops, shop, shop,
          nicolae_square_shop, minmay_misc_feat_tiny, minmay_puff, uniq_natasha
D:4:      layout_gridville, nemelex_xobeh_ov_fountains_minmay,
          minmay_temple_entry_ruins, kennysheep_another_room

Skill      XL: |  1  2 |
---------------+-------+-----
Conjurations   | 2 |  2.8
Dodging        | |  2.9
Stealth        | |  2.7
Spellcasting   | |  2.5
Translocations | |  0.4
Fire Magic     | |  3.8

Action                     |  1- 3 |  4- 6 || total
---------------------------+-------+-------++-------
  Melee: Unarmed           |    19 |       ||    19
         Peck              |    11 |     1 ||    12
         Kick              |    12 |     1 ||    13
         Punch             |     1 |       ||     1
         Short sword       |    11 |     7 ||    18
   Cast: Foxfire           |    43 |    20 ||    63
   Stab: Sleeping          |     1 |       ||     1
 Armour: Robe              |    10 |     2 ||    12
  Dodge: Dodged            |    26 |    12 ||    38

Table legend: (Time is in decaauts)
 A = Elapsed time spent in this place.
 B = Non-inter-level travel time spent in this place.
 C = Inter-level travel time spent in this place.
 D = Time resting spent in this place.
 E = Time spent auto-exploring this place.
 F = Levels seen in this place.
 G = Mean time per level.
                   A        B        C        D        E       F      G
               +--------+--------+--------+--------+--------+-----+--------+
         Total |   1267 |   1176 |     91 |      0 |    958 |   4 |  316.8 |
       Dungeon |   1267 |   1176 |     91 |      0 |    958 |   4 |  316.8 |
               +--------+--------+--------+--------+--------+-----+--------+

Top non-repeatable levels by time:
     D:2: 661 daAuts
     D:1: 505 daAuts
     D:4: 75 daAuts
     D:3: 24 daAuts
